 Dungeon Crawl Stone Soup version 0.28-a0-239-g68911e0c57 (webtiles) character file.

Game seed: 6343732570617823441

126 Froggeryz the Cutter (level 5, 0/36 HPs)
             Began as an Octopode Berserker on Aug 23, 2021.
             Was a Believer of Trog.
             Slain by a gnoll (5 damage)
             ... on level 2 of the Dungeon.
             The game lasted 00:01:12 (1736 turns).

Froggeryz the Cutter (Octopode Berserker)           Turns: 1736, Time: 00:01:13

Health: 0/36       AC:  2    Str: 16    XL:     5   Next: 9%
Magic:  5/5        EV: 13    Int: 10    God:    Trog [**....]
Gold:   21         SH:  0    Dex: 12    Spells: 4/4 levels left

rFire   . . .      SeeInvis .   f - +0 whip (venom)
rCold   . . .      Faith    .   (no shield)
rNeg    . . .      Spirit   .   h - +1 hat
rPois   .          Reflect  .   (no amulet)
rElec   .          Harm     .   (no ring)
rCorr   .          Rampage  .   (no ring)
Will    .....                   (no ring)
Stlth   +++.......              (no ring)
HPRegen 0.12/turn               (no ring)
MPRegen 0.09/turn               (no ring)
                                (no ring)
                                (no ring)

@: no status effects
A: almost no armour, amphibious, 8 rings, camouflage 1, gelatinous body 1,
(nimble swimmer 1), tentacles
a: Renounce Religion, Berserk, Trog's Hand


You were on level 2 of the Dungeon.
You worshipped Trog.
Trog was pleased with you.
You visited 1 branch of the dungeon, and saw 3 of its levels.

You collected 21 gold pieces.

Inventory:

Hand Weapons
 a - a +0 short sword
 f - a +0 whip of venom (weapon)
 n - a +0 hunting sling
Missiles
 b - 39 stones (quivered)
Armour
 h - a +1 hat (worn)
Scrolls
 d - a scroll of vulnerability {unknown}
 e - 2 scrolls of teleportation {unknown}
 g - 2 scrolls of identify {unknown}
 l - a scroll of amnesia {unknown}
 m - a scroll of magic mapping {unknown}
Potions
 c - a potion of attraction {unknown}
 i - a potion of flight {unknown}
 j - a potion of brilliance {unknown}
 k - a potion of curing {unknown}


   Skills:
 - Level 3.0 Fighting
 * Level 4.9 Short Blades
 - Level 3.0 Dodging
 + Level 3.6 Stealth


You had 4 spell levels left.
You didn't know any spells.
Your spell library was empty.

Dungeon Overview and Level Annotations

Branches:
Dungeon (3/15)

Altars:


Innate Abilities, Weirdness & Mutations

You cannot wear most types of armour.
You are amphibious.
You can wear up to eight rings at the same time.
Your skin changes colour to match your surroundings (Stealth+).
Your rubbery body absorbs attacks. (AC +1, EV +1)
((You are camouflaged near water. (Stealth+)))
You have tentacles for arms and can constrict up to eight enemies at once.


Message History

You hit the gnoll shaman but do no damage.
The gnoll shaman is poisoned.
Your grab misses the gnoll shaman.
The gnoll shaman is moderately wounded.
A gnoll comes into view. It is wielding a +0 club.
The adder misses you. The gnoll shaman closely misses you.
You closely miss the gnoll shaman. You grab the gnoll shaman.
The gnoll shaman is moderately wounded.
You constrict the gnoll shaman. The adder bites you.
The gnoll shaman hits you with a +0 club.
The adder bites you but does no damage.
You hit the gnoll shaman but do no damage.
You squeeze the gnoll shaman, but do no damage.
The gnoll shaman is heavily wounded.
You constrict the gnoll shaman. The gnoll shaman closely misses you.
The adder barely misses you.
You hit the gnoll shaman.
The gnoll shaman looks even sicker.
You squeeze the gnoll shaman!
You kill the gnoll shaman!
Trog accepts your kill. The adder bites you.
You have reached level 5!
You feel clever.
You miss the adder. Your grab misses the adder. The adder bites you.
The gnoll closely misses you. The adder bites you.
You hit the adder.
The adder is poisoned.
Your grab misses the adder.
The adder is lightly wounded.
The gnoll barely misses you. The adder bites you.
You miss the adder. Your grab misses the adder. You squeeze the adder!
The adder is almost dead.
You kill the adder!
Trog accepts your kill. The gnoll hits you with a +0 club!
The gnoll barely misses you. The gnoll hits you with a +0 club.
* * * LOW HITPOINT WARNING * * *
You climb upwards.
There is a stone staircase leading down here.
You barely miss the gnoll. Your grab misses the gnoll.
You squeeze the gnoll, but do no damage.
The gnoll hits you with a +0 club.
You die...

##.######.#.#..###.#.##.#
##...## #.#.#..#...#.##.#
##.###.## #.#.#...........####
#.## ##.###.#.#..............#
..# #†..................##.#
#.## ##.#.................##.#
##.###......#.#...........##.#
##.......###.#g##.....#..##.#
##.#..#####...@......#..##.#
#...>........##......#....#
###..###########.###...####
#..# #.# #...#
#..###########.# #...#
#............#.###...#
#.#######............# #..#
#.########..## ##.# #.# #..#


You could see a gnoll.

Vanquished Creatures
  A gnoll shaman (D:3)
  2 gnolls (D:3)
  3 adders
  2 worms (D:2)
  2 dart slugs (D:2)
  2 bats
  4 endoplasms
  A goblin (D:1)
  4 hobgoblins
  3 kobolds
  3 quokkas
  6 ball pythons
  2 frilled lizards (D:1)
  9 rats
44 creatures vanquished.

Notes
Turn   | Place    | Note
-------+----------+-------------------------------------------
     0 | D:1      | Froggeryz the Octopode Berserker began the quest for the
                  | Orb.
     0 | D:1      | Reached XP level 1. HP: 16/16 MP: 1/1
    66 | D:1      | Reached skill level 1 in Stealth
   219 | D:1      | Found a faded altar of an unknown god.
   234 | D:1      | Reached XP level 2. HP: 21/21 MP: 2/2
   954 | D:2      | Reached XP level 3. HP: 26/26 MP: 3/3
   978 | D:2      | Reached ** piety under Trog
  1110 | D:2      | Reached skill level 4 in Short Blades
  1372 | D:2      | Reached XP level 4. HP: 31/31 MP: 4/4
  1731 | D:3      | Reached XP level 5. HP: 25/36 MP: 5/5
  1736 | D:2      | Slain by a gnoll

Illustrated notes

Levels and vault maps discovered:
D:1:      eino_arrival_tree_alley, layout_loops_ring,
          shapermc_ecumenical_altar_starsandcircs, kennysheep_boxes
D:2:      layout_loops_ring, chequers_jeans
D:3:      minmay_inner_zag, layout_rooms

Skill      XL: |  1  2  3  4 |
---------------+-------------+-----
Stealth        | 1 2 3 |  3.6
Short Blades   | 4 |  4.9
Fighting       | |  3.0
Dodging        | |  3.0

Action                   |  1- 3 |  4- 6 || total
-------------------------+-------+-------++-------
Melee: Short sword       |     8 |       ||     8
       Constrict         |    13 |     4 ||    17
       Tentacles         |    11 |     9 ||    20
       Whip              |    45 |    27 ||    72
 Stab: Sleeping          |    12 |     4 ||    16
Armor: Skin              |     3 |     6 ||     9
Dodge: Dodged            |    27 |    16 ||    43

Table legend: (Time is in decaauts)
 A = Elapsed time spent in this place.
 B = Non-inter-level travel time spent in this place.
 C = Inter-level travel time spent in this place.
 D = Time resting spent in this place.
 E = Time spent auto-exploring this place.
 F = Levels seen in this place.
 G = Mean time per level.
                   A        B        C        D        E       F      G
               +--------+--------+--------+--------+--------+-----+--------+
         Total |   1742 |   1695 |     47 |      0 |   1394 |   3 |  580.7 |
       Dungeon |   1742 |   1695 |     47 |      0 |   1394 |   3 |  580.7 |
               +--------+--------+--------+--------+--------+-----+--------+

Top non-repeatable levels by time:
     D:1: 950 daAuts
     D:2: 776 daAuts
     D:3: 15 daAuts
